[Event "TUR-chT Superleague 2018"]
[Site "Ankara"]
[Date "2018.08.03"]
[Round "10"]
[White "Selbes, Tarik"]
[Black "Benidze, Davit"]
[Result "1/2-1/2"]
[ECO "B15"]
[WhiteElo "2330"]
[BlackElo "2488"]
[Annotator "ChessBase"]
[PlyCount "84"]
[EventDate "2018.07.25"]
[EventType "team-tourn"]
[EventCountry "TUR"]
[SourceTitle "playchess.com"]
[Source "ChessBase"]
[SourceQuality "1"]
[TimeControl "40/5400+30:1800+30"]

1. Nf3 g6 2. e4 Bg7 3. d4 c6 4. h3 d5 5. Nc3 Nh6 6. Bf4 f6 7. Qd2 Nf7 8. e5 O-O 9. O-O-O b5 10. Kb1 Na6 11. Re1 Nc7 12. Bd3 Ne6 13. Bh2 Qb6 14. h4 Nxd4 15. h5 Nxf3 16. gxf3 Nxe5 17. Bxe5 fxe5 18. hxg6 h6 19. Rxe5 Qc7 20. f4 Qd6 21. Ne2 Bd7 22. Reh5 Bg4 23. Rxh6 Qf6 24. c3 Bxh6 25. Rxh6 Bf5 26. Nd4 Bxd3+ 27. Qxd3 c5 28. Qh3 cxd4 29. g7 Qf5+ 30. Qxf5 Rxf5 31. Rh8+ Kxg7 32. Rxa8 d3 33. Rxa7 Kf6 34. Rb7 Rxf4 35. Rxb5 Rxf2 36. Kc1 Ke5 37. Rb4 Rc2+ 38. Kb1 Re2 39. Kc1 Rc2+ 40. Kb1 Rf2 41. Kc1 Rf4 42. a3 Rf2 1/2-1/2

[Event "TUR-chT Superleague 2018"]
[Site "Ankara"]
[Date "2018.08.03"]
[Round "10"]
[White "Secer, Ata"]
[Black "Kinsiz, Onur"]
[Result "1/2-1/2"]
[ECO "C41"]
[WhiteElo "2320"]
[BlackElo "2204"]
[Annotator "NA"]
[PlyCount "60"]
[EventDate "2018.07.25"]
[EventType "team-tourn"]
[EventCountry "TUR"]
[SourceTitle "playchess.com"]
[Source "ChessBase"]
[SourceQuality "1"]
[TimeControl "40/5400+30:1800+30"]

1. e4 d6 2. d4 Nf6 3. Nc3 e5 4. Nf3 Nbd7 5. Bc4 Be7 6. O-O O-O 7. Re1 c6 8. a4 a5 9. h3 Nb6 10. Ba2 Nfd7 11. Be3 exd4 12. Bxd4 Nc5 13. Bxc5 dxc5 14. Qe2 Qd6 15. Qe3 Qg6 16. Ne2 Nxa4 17. Ne5 Qf6 18. Nxf7 c4 19. Bxc4 Bc5 20. e5 Qh4 21. Qf4 Qxf4 22. Nxf4 Nxb2 23. Nh6+ Kh8 24. Nf7+ Kg8 25. Nh6+ Kh8 26. Nf7+ Kg8 27. Nh6+ Kh8 28. Nf7+ Kg8 29. Nh6+ Kh8 30. Nf7+ Kg8 1/2-1/2

[Event "TUR-chT Superleague 2018"]
[Site "Ankara"]
[Date "2018.08.03"]
[Round "10"]
[White "Sari, Yasin"]
[Black "Gulden, Egemen"]
[Result "1/2-1/2"]
[ECO "E61"]
[WhiteElo "2299"]
[BlackElo "2003"]
[Annotator "NA"]
[PlyCount "60"]
[EventDate "2018.07.25"]
[EventType "team-tourn"]
[EventCountry "TUR"]
[SourceTitle "playchess.com"]
[Source "ChessBase"]
[SourceQuality "1"]
[TimeControl "40/5400+30:1800+30"]

1. Nf3 Nf6 2. c4 g6 3. d4 Bg7 4. e3 d6 5. Be2 O-O 6. O-O c6 7. Nc3 Qc7 8. b3 Re8 9. Qc2 Nbd7 10. Bb2 e5 11. Rfd1 a6 12. Rac1 b6 13. dxe5 dxe5 14. Ng5 Nc5 15. b4 Nb7 16. c5 b5 17. Nge4 Nxe4 18. Nxe4 Bf5 19. Bf3 Rad8 20. h3 h6 21. Rxd8 Rxd8 22. Rd1 Be6 23. Nc3 Rxd1+ 24. Qxd1 f5 25. e4 f4 26. a3 Qd7 27. Qxd7 Bxd7 28. Bg4 Bxg4 29. hxg4 Kf7 30. Ne2 Bf6 1/2-1/2

[Event "TUR-chT Superleague 2018"]
[Site "Ankara"]
[Date "2018.08.03"]
[Round "10"]
[White "Yaran, Siar"]
[Black "Samani, Yamac"]
[Result "1-0"]
[ECO "B07"]
[WhiteElo "2240"]
[BlackElo "2217"]
[Annotator "NA"]
[PlyCount "135"]
[EventDate "2018.07.25"]
[EventType "team-tourn"]
[EventCountry "TUR"]
[SourceTitle "playchess.com"]
[Source "ChessBase"]
[SourceQuality "1"]
[TimeControl "40/5400+30:1800+30"]

1. e4 d6 2. d4 Nf6 3. f3 g6 4. Be3 Bg7 5. Nc3 a6 6. Qd2 b5 7. O-O-O h5 8. e5 b4 9. exf6 bxc3 10. Qxc3 Bxf6 11. Ne2 O-O 12. h4 c5 13. Qa3 cxd4 14. Bxd4 Bxd4 15. Nxd4 Qc7 16. g4 e5 17. Ne2 hxg4 18. fxg4 Bxg4 19. h5 Bf5 20. Rd2 Qc5 21. Qg3 Nd7 22. Qh4 Kg7 23. Ng3 Qe3 24. Bh3 Qf4 25. hxg6 fxg6 26. Nxf5+ Rxf5 27. Qxf4 exf4 28. Bxf5 gxf5 29. Rf1 Re8 30. Rxd6 Nf6 31. Rxf4 Kg6 32. Rxa6 Kg5 33. Rxf6 Kxf6 34. b4 Kg5 35. Rf1 Re4 36. a3 f4 37. Kb2 Kg4 38. Kb3 Kg3 39. Rg1+ Kf2 40. Rg4 Ke3 41. b5 f3 42. Rg3 Ke2 43. a4 f2 44. Rg2 Rg4 45. Rxf2+ Kxf2 46. a5 Rg1 47. b6 Ke3 48. Kc4 Rg4+ 49. Kc3 Rg5 50. a6 Rc5+ 51. Kb4 Rxc2 52. a7 Kd4 53. a8=Q Rb2+ 54. Ka3 Rxb6 55. Qc8 Kd5 56. Ka4 Rc6 57. Qf5+ Kd4 58. Kb5 Rc3 59. Qf4+ Kd3 60. Kb4 Rc2 61. Qf3+ Kd2 62. Kb3 Rc1 63. Qf4+ Kd1 64. Qf2 Rc8 65. Qd4+ Ke1 66. Qe5+ Kd2 67. Qd5+ Kc1 68. Qg5+ 1-0

[Event "TUR-chT Superleague 2018"]
[Site "Ankara"]
[Date "2018.08.03"]
[Round "10"]
[White "Kamer, Kayra"]
[Black "Shevchenko, Kirill"]
[Result "0-1"]
[ECO "B87"]
[WhiteElo "2208"]
[BlackElo "2554"]
[Annotator "ChessBase"]
[PlyCount "90"]
[EventDate "2018.07.25"]
[EventType "team-tourn"]
[EventCountry "TUR"]
[SourceTitle "playchess.com"]
[Source "ChessBase"]
[SourceQuality "1"]
[TimeControl "40/5400+30:1800+30"]

1. e4 c5 2. Nf3 d6 3. d4 cxd4 4. Nxd4 Nf6 5. Nc3 a6 6. Bc4 b5 7. Bb3 e6 8. O-O Be7 9. f4 O-O 10. Qe2 b4 11. Nd1 Bb7 12. Nf2 Nbd7 13. c4 bxc3 14. bxc3 Qc7 15. Bd2 Nc5 16. Bc2 d5 17. e5 Nfe4 18. Nxe4 Nxe4 19. Bxe4 dxe4 20. c4 Rfd8 21. Be3 Rd7 22. Rad1 Rad8 23. Nb3 Rxd1 24. Rxd1 Rxd1+ 25. Qxd1 Qxc4 26. Qd7 Qe2 27. Qd2 Qxd2 28. Bxd2 Bd5 29. g4 Kf8 30. Kf2 Ke8 31. Ke3 Kd7 32. Ba5 Ba3 33. h4 Kc6 34. Nd4+ Kc5 35. Ne2 Kb5 36. Bc3 Bxa2 37. Kxe4 Bd5+ 38. Ke3 Kc4 39. Ba1 Bc5+ 40. Nd4 g6 41. h5 a5 42. h6 a4 43. Bb2 a3 44. Ba1 Bb6 45. g5 Bc5 0-1

[Event "TUR-chT Superleague 2018"]
[Site "Ankara"]
[Date "2018.08.03"]
[Round "10"]
[White "Isik, Alparslan"]
[Black "Gurel, Ediz"]
[Result "1-0"]
[ECO "E06"]
[WhiteElo "2187"]
[BlackElo "1792"]
[Annotator "NA"]
[PlyCount "85"]
[EventDate "2018.07.25"]
[EventType "team-tourn"]
[EventCountry "TUR"]
[SourceTitle "playchess.com"]
[Source "ChessBase"]
[SourceQuality "1"]
[TimeControl "40/5400+30:1800+30"]

1. d4 Nf6 2. c4 e6 3. Nf3 d5 4. g3 Be7 5. Bg2 O-O 6. Qc2 c6 7. O-O a6 8. Nbd2 dxc4 9. Nxc4 b5 10. Nce5 Bb7 11. Bd2 Nfd7 12. Rfd1 Qb6 13. Be3 Qc7 14. Rac1 Rc8 15. Nd3 a5 16. Bf4 Bd6 17. Bxd6 Qxd6 18. Nc5 Nxc5 19. dxc5 Qe7 20. Rd6 Na6 21. Ne5 Nb4 22. Qd2 Rc7 23. Rd1 Re8 24. a3 Nd5 25. e4 Nf6 26. Qxa5 h6 27. Qd2 Ba8 28. Qf4 Rec8 29. h4 Rf8 30. R1d3 Rcc8 31. Nd7 Nxd7 32. Rxd7 Qe8 33. Qd6 Rb8 34. e5 Rc8 35. h5 Rb8 36. Bxc6 Bxc6 37. Qxc6 b4 38. a4 Ra8 39. b3 Qb8 40. Qd6 Qc8 41. Rd4 Ra6 42. Qe7 Ra8 43. Rf4 1-0

[Event "TUR-chT Superleague 2018"]
[Site "Ankara"]
[Date "2018.08.03"]
[Round "10"]
[White "Gunduz, Umut Erdem"]
[Black "Can, Isik"]
[Result "1/2-1/2"]
[ECO "B19"]
[WhiteElo "2174"]
[BlackElo "2377"]
[Annotator "NA"]
[PlyCount "53"]
[EventDate "2018.07.25"]
[EventType "team-tourn"]
[EventCountry "TUR"]
[SourceTitle "playchess.com"]
[Source "ChessBase"]
[SourceQuality "1"]
[TimeControl "40/5400+30:1800+30"]

1. e4 c6 2. d4 d5 3. Nd2 dxe4 4. Nxe4 Bf5 5. Ng3 Bg6 6. h4 h6 7. Nf3 Nd7 8. h5 Bh7 9. Bd3 Bxd3 10. Qxd3 e6 11. Bd2 Ngf6 12. O-O-O Be7 13. Qe2 O-O 14. Nf1 c5 15. g4 cxd4 16. g5 Nd5 17. gxh6 Qb6 18. Rg1 Ba3 19. Rxg7+ Kh8 20. bxa3 Nc3 21. Bxc3 dxc3 22. Rh7+ Kg8 23. Rg7+ Kh8 24. Rh7+ Kg8 25. Rg7+ Kh8 26. Rh7+ Kg8 27. Rg7+ 1/2-1/2

[Event "TUR-chT Superleague 2018"]
[Site "Ankara"]
[Date "2018.08.03"]
[Round "10"]
[White "Tarlabasi, Emirhan"]
[Black "Tasdogen, Dincer"]
[Result "1/2-1/2"]
[ECO "A41"]
[WhiteElo "2174"]
[BlackElo "2280"]
[Annotator "ChessBase"]
[PlyCount "127"]
[EventDate "2018.07.25"]
[EventType "team-tourn"]
[EventCountry "TUR"]
[SourceTitle "playchess.com"]
[Source "ChessBase"]
[SourceQuality "1"]
[TimeControl "40/5400+30:1800+30"]

1. d4 d6 2. c4 e5 3. e3 Nd7 4. Nc3 g6 5. Bd3 Bg7 6. Nge2 f5 7. h4 Ngf6 8. f3 O-O 9. Qc2 Qe7 10. Bd2 Re8 11. Qb3 Nb6 12. O-O-O Be6 13. d5 Bf7 14. e4 c6 15. Kb1 Nfd7 16. Be3 fxe4 17. Bxe4 Rac8 18. h5 cxd5 19. cxd5 Nc5 20. Bxc5 Rxc5 21. hxg6 hxg6 22. Na4 Nxa4 23. Qxa4 a6 24. Qb3 Rec8 25. Qe3 Be8 26. Rh3 b5 27. Rg3 Qf6 28. Nc1 b4 29. Nb3 Rb5 30. Qd3 g5 31. Qe3 Qf4 32. Qxf4 gxf4 33. Rg4 Bf7 34. g3 fxg3 35. Rxg3 Kf8 36. Rg2 a5 37. Rc2 Rxc2 38. Kxc2 a4 39. Nc1 Rc5+ 40. Kb1 Bh6 41. Ne2 a3 42. Ng3 Bg5 43. Nf5 Be7 44. b3 Rc3 45. Rc1 Rxc1+ 46. Kxc1 Bg6 47. Ng3 Bh4 48. Nf1 Be8 49. Kd1 Ke7 50. Ne3 Bf2 51. Nc2 Bc5 52. Kd2 Kd8 53. Ne1 Kc7 54. Ng2 Kb6 55. f4 exf4 56. Nxf4 Bd4 57. Ne6 Be5 58. Kd3 Bb5+ 59. Ke3 Be8 60. Nd8 Kc7 61. Ne6+ Kb6 62. Kd3 Bb5+ 63. Ke3 Be8 64. Kd3 1/2-1/2

[Event "TUR-chT Superleague 2018"]
[Site "Ankara"]
[Date "2018.08.03"]
[Round "10"]
[White "Unat, Can Haktan"]
[Black "Ozcan, Kaan"]
[Result "1-0"]
[ECO "D00"]
[WhiteElo "2159"]
[BlackElo "1523"]
[Annotator "NA"]
[PlyCount "81"]
[EventDate "2018.07.25"]
[EventType "team-tourn"]
[EventCountry "TUR"]
[SourceTitle "playchess.com"]
[Source "ChessBase"]
[SourceQuality "1"]
[TimeControl "40/5400+30:1800+30"]

1. d4 Nf6 2. Nc3 d5 3. Bf4 Bf5 4. e3 e6 5. Nge2 Be7 6. Ng3 Bg6 7. f3 a6 8. Bd3 c5 9. Nce2 Nc6 10. c3 cxd4 11. cxd4 Rc8 12. Bxg6 hxg6 13. O-O Nh5 14. Nxh5 gxh5 15. Bg3 Bd6 16. Qb3 Bxg3 17. Nxg3 Qd7 18. Rae1 g6 19. Ne2 O-O 20. Nf4 Rc7 21. Nd3 Na5 22. Qd1 b6 23. b3 Rfc8 24. Rf2 Qe7 25. e4 dxe4 26. fxe4 Qd6 27. Nf4 Rd7 28. d5 exd5 29. Nxd5 Kg7 30. Qd4+ Kh6 31. Qe3+ Kg7 32. Nxb6 Rc6 33. Nxd7 Qxd7 34. Ref1 f6 35. e5 f5 36. Rd2 Qe6 37. Rfd1 Rc7 38. Rd6 Qe8 39. e6 Nb7 40. Rd7+ Rxd7 41. Rxd7+ 1-0

[Event "TUR-chT Superleague 2018"]
[Site "Ankara"]
[Date "2018.08.03"]
[Round "10"]
[White "Ozbay, Ece"]
[Black "Balajayeva, Khanim"]
[Result "1/2-1/2"]
[ECO "C80"]
[WhiteElo "2140"]
[BlackElo "2332"]
[Annotator "NA"]
[PlyCount "60"]
[EventDate "2018.07.25"]
[EventType "team-tourn"]
[EventCountry "TUR"]
[SourceTitle "playchess.com"]
[Source "ChessBase"]
[SourceQuality "1"]
[TimeControl "40/5400+30:1800+30"]

1. e4 e5 2. Nf3 Nc6 3. Bb5 a6 4. Ba4 Nf6 5. O-O Nxe4 6. Re1 Nc5 7. Nc3 Be7 8. Nxe5 Nxe5 9. Rxe5 O-O 10. Bb3 Nxb3 11. axb3 Bf6 12. Re1 d5 13. d4 Bf5 14. Bf4 c6 15. Na4 Re8 16. Qd2 a5 17. Qc3 Be7 18. Qg3 Bf8 19. Bc7 Qd7 20. Nb6 Rxe1+ 21. Rxe1 Re8 22. Re5 Rxe5 23. Qxe5 Qe6 24. Qxe6 fxe6 25. c3 Bc2 26. Nd7 Bxb3 27. Nxf8 Kxf8 28. Bxa5 Kf7 29. Bc7 Bc4 30. f3 Kf6 1/2-1/2

[Event "TUR-chT Superleague 2018"]
[Site "Ankara"]
[Date "2018.08.03"]
[Round "10"]
[White "Sade, Defne"]
[Black "Sahin, Hayrun Nisa"]
[Result "1-0"]
[ECO "B52"]
[WhiteElo "1968"]
[BlackElo "1752"]
[Annotator "NA"]
[PlyCount "87"]
[EventDate "2018.07.25"]
[EventType "team-tourn"]
[EventCountry "TUR"]
[SourceTitle "playchess.com"]
[Source "ChessBase"]
[SourceQuality "1"]
[TimeControl "40/5400+30:1800+30"]

1. e4 c5 2. Nf3 d6 3. Bb5+ Bd7 4. Bxd7+ Qxd7 5. c4 Nc6 6. d4 cxd4 7. Nxd4 g6 8. Nc3 Bg7 9. Be3 Nf6 10. f3 O-O 11. O-O e6 12. Qd2 d5 13. Nxc6 bxc6 14. e5 Ne8 15. Bc5 Bxe5 16. Bxf8 Kxf8 17. cxd5 exd5 18. Rac1 Nc7 19. f4 Bg7 20. Na4 Nb5 21. Kh1 Kg8 22. Nc5 Qd6 23. Nb3 Rc8 24. a4 Nc7 25. Nc5 Ne6 26. Nxe6 fxe6 27. b4 Rb8 28. Rc5 a5 29. Rfc1 Rxb4 30. Rxc6 Qxf4 31. Qxf4 Rxf4 32. Rxe6 Rxa4 33. Rd6 Bb2 34. Rc8+ Kg7 35. g3 d4 36. Rc7+ Kh6 37. h4 Ra3 38. Kg2 Bc3 39. Rdd7 Kh5 40. Rd5+ Kh6 41. Rdd7 Kh5 42. Kh3 Bd2 43. Rxh7+ Bh6 44. Rc5+ 1-0

[Event "TUR-chT Superleague 2018"]
[Site "Ankara"]
[Date "2018.08.03"]
[Round "10"]
[White "Kilic, Gokturk Kagan"]
[Black "Tuncer, Tuna"]
[Result "0-1"]
[ECO "B33"]
[WhiteElo "1921"]
[BlackElo "2328"]
[Annotator "NA"]
[PlyCount "50"]
[EventDate "2018.07.25"]
[EventType "team-tourn"]
[EventCountry "TUR"]
[SourceTitle "playchess.com"]
[Source "ChessBase"]
[SourceQuality "1"]
[TimeControl "40/5400+30:1800+30"]

1. e4 c5 2. Nf3 Nc6 3. d4 cxd4 4. Nxd4 Nf6 5. Nc3 e5 6. Ndb5 d6 7. Bg5 a6 8. Na3 Be6 9. Qd2 Rc8 10. Be2 Be7 11. O-O b5 12. Bxf6 Bxf6 13. Nd5 Bg5 14. f4 exf4 15. Nxf4 O-O 16. c3 b4 17. Nb1 a5 18. Kh1 Bxf4 19. Qxf4 Ne5 20. a3 Qb6 21. axb4 axb4 22. Ra6 Qb8 23. cxb4 Rc2 24. Nc3 Qxb4 25. Qe3 Qxb2 0-1

[Event "TUR-chT Superleague 2018"]
[Site "Ankara"]
[Date "2018.08.03"]
[Round "10"]
[White "Ayan, Bengu Sena"]
[Black "Celik, Eda"]
[Result "0-1"]
[ECO "A65"]
[WhiteElo "1894"]
[BlackElo "1976"]
[Annotator "NA"]
[PlyCount "78"]
[EventDate "2018.07.25"]
[EventType "team-tourn"]
[EventCountry "TUR"]
[SourceTitle "playchess.com"]
[Source "ChessBase"]
[SourceQuality "1"]
[TimeControl "40/5400+30:1800+30"]

1. d4 Nf6 2. c4 c5 3. d5 e6 4. Nc3 exd5 5. cxd5 d6 6. e4 g6 7. f3 Bg7 8. Nge2 O-O 9. Ng3 a6 10. a4 Ne8 11. Be3 h5 12. Bd3 h4 13. Nge2 Nd7 14. Nf4 Ne5 15. Be2 f5 16. Qd2 Nf6 17. exf5 Bxf5 18. Ne6 Bxe6 19. dxe6 Re8 20. O-O Qe7 21. Bh6 Qxe6 22. Qg5 Nf7 23. Qxg6 Nxh6 24. Rae1 Qe3+ 25. Kh1 Kh8 26. g4 hxg3 27. hxg3 Qd2 28. Kg2 Qxb2 29. g4 Qxc3 30. g5 Nd5 31. Kh1 Nf4 32. Qxd6 Nxe2 33. gxh6 Be5 34. Qd7 Ng3+ 35. Kg2 Nxf1 36. Rxf1 Rg8+ 37. Kh3 Rg3+ 38. Kh4 Qc4+ 39. f4 Qxf1 0-1

[Event "TUR-chT Superleague 2018"]
[Site "Ankara"]
[Date "2018.08.03"]
[Round "10"]
[White "Ozoglu, Berker"]
[Black "Zeydan, Salih"]
[Result "1/2-1/2"]
[ECO "B23"]
[WhiteElo "1843"]
[BlackElo "2061"]
[Annotator "NA"]
[PlyCount "90"]
[EventDate "2018.07.25"]
[EventType "team-tourn"]
[EventCountry "TUR"]
[SourceTitle "playchess.com"]
[Source "ChessBase"]
[SourceQuality "1"]
[TimeControl "40/5400+30:1800+30"]

1. e4 c5 2. Nc3 e6 3. g3 d5 4. exd5 exd5 5. Bg2 Nf6 6. Nge2 d4 7. Ne4 Be7 8. d3 O-O 9. O-O Nc6 10. h3 Nd5 11. f4 f5 12. Nf2 Ne3 13. Bxe3 dxe3 14. Nh1 Bf6 15. c3 Kh8 16. Bf3 Re8 17. g4 Bh4 18. Nhg3 g6 19. Kh2 Be6 20. d4 cxd4 21. Nxd4 Nxd4 22. Qxd4+ Qxd4 23. cxd4 Rad8 24. Rfd1 Bd5 25. Bxd5 Bxg3+ 26. Kxg3 e2 27. Re1 Rxd5 28. gxf5 gxf5 29. Rac1 Rxd4 30. Rc7 Rd3+ 31. Kg2 Rg8+ 32. Kf2 Rxh3 33. Rxb7 Rh2+ 34. Kf3 Rd8 35. Kg3 Rd1 36. Kxh2 Rxe1 37. Re7 Rf1 38. Rxe2 Rxf4 39. Kg3 Ra4 40. b3 Ra5 41. Kf4 Kg7 42. b4 Rd5 43. Re5 Rd4+ 44. Kxf5 Rxb4 45. Re7+ Kh6 1/2-1/2

[Event "TUR-chT Superleague 2018"]
[Site "Ankara"]
[Date "2018.08.03"]
[Round "10"]
[White "Basgonul, Bekir Serkan"]
[Black "Solak, Dragan"]
[Result "0-1"]
[ECO "E68"]
[WhiteElo "1842"]
[BlackElo "2603"]
[Annotator "ChessBase"]
[PlyCount "70"]
[EventDate "2018.07.25"]
[EventType "team-tourn"]
[EventCountry "TUR"]
[SourceTitle "playchess.com"]
[Source "ChessBase"]
[SourceQuality "1"]
[TimeControl "40/5400+30:1800+30"]

1. d4 d6 2. Nf3 g6 3. g3 Bg7 4. Bg2 Nf6 5. O-O O-O 6. c4 Nbd7 7. Nc3 e5 8. e4 exd4 9. Nxd4 a6 10. Re1 Rb8 11. Rb1 Ne5 12. b3 c5 13. Nc2 b5 14. cxb5 axb5 15. h3 b4 16. f4 Ned7 17. Na4 Nb6 18. Nxb6 Rxb6 19. Ne3 Ra6 20. Nc4 Be6 21. e5 dxe5 22. fxe5 Qxd1 23. Rxd1 Nd7 24. Be3 Rxa2 25. Bc6 Nxe5 26. Bg2 Nxc4 27. bxc4 Bf5 28. Bxc5 Bxb1 29. Bxf8 Rxg2+ 30. Kxg2 Be4+ 31. Kf2 Kxf8 32. Ke3 Bc2 33. Rd8+ Ke7 34. Rb8 Bc3 35. c5 Kd7 0-1

[Event "TUR-chT Superleague 2018"]
[Site "Ankara"]
[Date "2018.08.03"]
[Round "10"]
[White "Erece, Ece Alkim"]
[Black "Can, Isil"]
[Result "1/2-1/2"]
[ECO "C56"]
[WhiteElo "1788"]
[BlackElo "1862"]
[Annotator "NA"]
[PlyCount "128"]
[EventDate "2018.07.25"]
[EventType "team-tourn"]
[EventCountry "TUR"]
[SourceTitle "playchess.com"]
[Source "ChessBase"]
[SourceQuality "1"]
[TimeControl "40/5400+30:1800+30"]

1. e4 e5 2. Nf3 Nc6 3. d4 exd4 4. Bc4 Nf6 5. O-O Nxe4 6. Re1 d5 7. Bxd5 Qxd5 8. Nc3 Qa5 9. Nxe4 Be6 10. Neg5 O-O-O 11. Nxe6 fxe6 12. Rxe6 h6 13. Qe2 Bd6 14. Bd2 Qd5 15. a3 g5 16. Qe4 Qxe4 17. Rxe4 Bc5 18. b4 Bb6 19. Rae1 Rhf8 20. h3 Rf6 21. Re6 Rdf8 22. Rxf6 Rxf6 23. Re4 Rd6 24. Kf1 Nd8 25. h4 gxh4 26. Rxh4 Nf7 27. Ke2 Kd7 28. Kd3 c5 29. bxc5 Bxc5 30. Bb4 b6 31. Nxd4 a5 32. Bc3 Bxa3 33. Kc4 Bc5 34. Kb3 Rg6 35. g4 Be7 36. Rh3 Rxg4 37. Nf5 Bg5 38. Rd3+ Kc7 39. Nd4 Nd6 40. Ne6+ Kc6 41. Be5 Rb4+ 42. Ka2 Nc4 43. Bc3 Ra4+ 44. Kb1 Na3+ 45. Kb2 Nb5 46. Bg7 Rb4+ 47. Ka2 Rc4 48. Kb2 a4 49. f4 Bxf4 50. Nxf4 Rxf4 51. Bxh6 Rb4+ 52. Ka2 Rc4 53. Kb2 Nd4 54. Rd2 b5 55. c3 Nb3 56. Rg2 Nc5 57. Rg6+ Kd5 58. Rb6 a3+ 59. Kxa3 Rxc3+ 60. Ka2 Kc4 61. Bf8 b4 62. Rc6 Kb5 63. Rxc5+ Rxc5 64. Bxc5 Kxc5 1/2-1/2

[Event "TUR-chT Superleague 2018"]
[Site "Ankara"]
[Date "2018.08.03"]
[Round "10"]
[White "Yildirim, Ibrahim Halil"]
[Black "Caglar, Ahmet Ata"]
[Result "1/2-1/2"]
[ECO "B31"]
[WhiteElo "1783"]
[BlackElo "2076"]
[Annotator "NA"]
[PlyCount "130"]
[EventDate "2018.07.25"]
[EventType "team-tourn"]
[EventCountry "TUR"]
[SourceTitle "playchess.com"]
[Source "ChessBase"]
[SourceQuality "1"]
[TimeControl "40/5400+30:1800+30"]

1. e4 c5 2. Nf3 Nc6 3. Bb5 g6 4. O-O Bg7 5. Re1 Nf6 6. c3 O-O 7. d4 d5 8. e5 Ne4 9. Bxc6 bxc6 10. Nbd2 Nxd2 11. Bxd2 cxd4 12. cxd4 Qb6 13. Bc3 c5 14. dxc5 Qxc5 15. Qd4 Qxd4 16. Nxd4 Bd7 17. b3 Rfc8 18. Bb4 e6 19. f4 a5 20. Bd6 Bh6 21. g3 Rc3 22. Kf2 Rac8 23. h4 Bg7 24. Rad1 f6 25. Re3 Rxe3 26. Kxe3 fxe5 27. Bxe5 Bf8 28. Kd3 Bb4 29. Ke3 Rc3+ 30. Rd3 Rc1 31. a4 Kf7 32. Nf3 Bc8 33. Kf2 Ba6 34. Ng5+ Ke7 35. Rf3 Bc5+ 36. Kg2 Rg1+ 37. Kh2 h6 38. Rc3 hxg5 39. Rxc5 Rb1 40. Rxa5 Bd3 41. Ra7+ Ke8 42. hxg5 Rxb3 43. Bf6 Ra3 44. Kg2 Bc2 45. a5 Bd3 46. Kf2 Bc4 47. g4 Ra4 48. f5 exf5 49. gxf5 Bd3 50. fxg6 Bxg6 51. a6 d4 52. Rg7 Bf7 53. g6 Bxg6 54. a7 Bf7 55. Bxd4 Bd5 56. Ke3 Bh1 57. Rg1 Bd5 58. Rg7 Bh1 59. Bb6 Ra6 60. Bc5 Ra4 61. Kd3 Bd5 62. Re7+ Kd8 63. Rg7 Bh1 64. Bb6+ Ke8 65. Kc3 Bd5 1/2-1/2

[Event "TUR-chT Superleague 2018"]
[Site "Ankara"]
[Date "2018.08.03"]
[Round "10"]
[White "Keskin, Elif"]
[Black "Yorgun, Yaren Naz"]
[Result "1/2-1/2"]
[ECO "D36"]
[WhiteElo "1775"]
[BlackElo "1725"]
[Annotator "NA"]
[PlyCount "129"]
[EventDate "2018.07.25"]
[EventType "team-tourn"]
[EventCountry "TUR"]
[SourceTitle "playchess.com"]
[Source "ChessBase"]
[SourceQuality "1"]
[TimeControl "40/5400+30:1800+30"]

1. d4 d5 2. c4 e6 3. cxd5 exd5 4. Nc3 Nf6 5. Bg5 Nbd7 6. e3 c6 7. Bd3 Be7 8. Qc2 O-O 9. h3 Re8 10. Nf3 Nf8 11. g4 Be6 12. O-O-O b5 13. Rdg1 N6d7 14. Bf4 a6 15. Kb1 c5 16. Bf5 b4 17. Ne2 c4 18. e4 Nb6 19. Ne5 Rc8 20. g5 dxe4 21. Bxe6 Nxe6 22. Qxe4 Qd5 23. f3 Qxe4+ 24. fxe4 Nxf4 25. Nxf4 Bd6 26. Rd1 Bxe5 27. dxe5 Rxe5 28. Rd6 Rxe4 29. Rxb6 Rxf4 30. Rxb4 f6 31. gxf6 Rxf6 32. h4 c3 33. bxc3 Rxc3 34. Rb8+ Rf8 35. Rb7 Rcf3 36. Kc2 Rf2+ 37. Kb1 Rf1+ 38. Rxf1 Rxf1+ 39. Kb2 Rf6 40. Kb3 g6 41. a4 h6 42. a5 g5 43. hxg5 hxg5 44. Rb6 Kg7 45. Kc4 Kg6 46. Kd3 Kf5 47. Ke3 Ke5 48. Rxf6 Kxf6 49. Kf3 Kf5 50. Kg3 Ke5 51. Kg4 Kf6 52. Kf3 Kf5 53. Kg3 g4 54. Kg2 Kf4 55. Kf2 g3+ 56. Kg2 Kg4 57. Kg1 Kf3 58. Kf1 Ke4 59. Kg2 Kd4 60. Kxg3 Kc3 61. Kf3 Kb4 62. Ke3 Kxa5 63. Kd3 Kb4 64. Kc2 Ka3 65. Kb1 1/2-1/2

[Event "TUR-chT Superleague 2018"]
[Site "Ankara"]
[Date "2018.08.03"]
[Round "10"]
[White "Kaya, Onur"]
[Black "Uzumcu, Ahmet Utku"]
[Result "0-1"]
[ECO "D03"]
[WhiteElo "1692"]
[BlackElo "2231"]
[Annotator "NA"]
[PlyCount "82"]
[EventDate "2018.07.25"]
[EventType "team-tourn"]
[EventCountry "TUR"]
[SourceTitle "playchess.com"]
[Source "ChessBase"]
[SourceQuality "1"]
[TimeControl "40/5400+30:1800+30"]

1. d4 Nf6 2. Nf3 g6 3. Bg5 Bg7 4. Nbd2 d5 5. e3 O-O 6. Bd3 c5 7. c3 b6 8. O-O Bb7 9. Qc2 Nc6 10. Rad1 Rc8 11. Qb1 cxd4 12. exd4 h6 13. Bxf6 Bxf6 14. Rfe1 Qc7 15. Re3 Bg7 16. h4 e6 17. h5 g5 18. Nf1 Rce8 19. Rde1 a6 20. Qd1 Bc8 21. Bb1 f5 22. Qd3 Qf7 23. g4 Ne7 24. Ng3 Bh8 25. gxf5 Nxf5 26. Nxf5 exf5 27. Ne5 Bxe5 28. dxe5 Qxh5 29. Qxd5+ Be6 30. Qg2 f4 31. Rd3 g4 32. Qh2 Qg5 33. b3 h5 34. Rd4 h4 35. Red1 g3 36. fxg3 fxg3 37. Qxh4 Qe3+ 38. Kh1 Qf3+ 39. Kg1 Qf2+ 40. Kh1 g2+ 41. Kh2 g1=Q# 0-1

[Event "TUR-chT Superleague 2018"]
[Site "Ankara"]
[Date "2018.08.03"]
[Round "10"]
[White "Incecik, Seyma Zeynep"]
[Black "Ozbek, Busra"]
[Result "1-0"]
[ECO "A01"]
[WhiteElo "1673"]
[BlackElo "1848"]
[Annotator "NA"]
[PlyCount "113"]
[EventDate "2018.07.25"]
[EventType "team-tourn"]
[EventCountry "TUR"]
[SourceTitle "playchess.com"]
[Source "ChessBase"]
[SourceQuality "1"]
[TimeControl "40/5400+30:1800+30"]

1. b3 e5 2. Bb2 Nc6 3. e3 Nf6 4. Bb5 Bd6 5. Na3 e4 6. Nc4 Be7 7. Bxc6 bxc6 8. Ne2 O-O 9. O-O d5 10. Ne5 Qe8 11. c4 Bd6 12. d4 Bb7 13. Qc1 Qe7 14. Rd1 Rfe8 15. Nf4 g5 16. Ne2 Bxe5 17. dxe5 Ng4 18. Qc3 Qxe5 19. Qxe5 Nxe5 20. Bxe5 Rxe5 21. c5 Kf8 22. Rd4 Ba6 23. Nc1 Ree8 24. Ra4 Bc8 25. Ne2 Bd7 26. Ra6 Re6 27. Nd4 Rg6 28. Rb1 Ke7 29. b4 Kd8 30. Rb3 Kc8 31. b5 cxb5 32. c6 Be8 33. Rxb5 Rb8 34. Rxb8+ Kxb8 35. Kf1 f5 36. Ke1 f4 37. Kd2 Rh6 38. h3 f3 39. gxf3 Rxh3 40. fxe4 dxe4 41. Ra5 Rh5 42. Rf5 g4 43. Rf8 Re5 44. Nf5 Kc8 45. Kc3 Kd8 46. Kd4 Re6 47. Ng7 Rd6+ 48. Ke5 Ke7 49. Rxe8+ Kf7 50. Re6 Rd2 51. Nf5 Rxa2 52. Re7+ Kg6 53. Rg7+ Kh5 54. Rxh7+ Kg5 55. Rg7+ Kh5 56. Kf6 g3 57. Rg5# 1-0